 Dungeon Crawl Stone Soup version 0.29-a0-340-g6efceafd81 (webtiles) character file.

Game seed: 11519168496372754034

289 spaghetti the Ogre Mage (level 6, -1/53 HPs)
             Began as an Ogre Summoner on Apr 20, 2022.
             Slain by a steam dragon (3 damage)
             ... on level 4 of the Dungeon.
             The game lasted 00:06:25 (4477 turns).

spaghetti the Ogre Mage (Ogre Summoner)             Turns: 4477, Time: 00:06:26

Health: -1/53      AC:  4    Str: 13    XL:     6   Next: 31%
Magic:  3/16       EV:  9    Int: 16    God:
Gold:   188        SH:  0    Dex:  7    Spells: 7/19 levels left

rFire   + . .      SeeInvis .   f - +2 dagger (vamp) {short}
rCold   + . .      Faith    .   (no shield)
rNeg    . . .      Spirit   .   a - +0 robe
rPois   +          Reflect  .   (helmet restricted)
rElec   +          Harm     .   (no cloak)
rCorr   +          Rampage  .   (gloves unavailable)
Will    .....                   (boots unavailable)
Stlth   +.........              (no amulet)
HPRegen 0.17/turn               (no ring)
MPRegen 0.15/turn               (no ring)

@: mighty, resistant, flying, very slightly contaminated, hasted, very quick
A: large, unfitting armour, tough skin 1, iridescent scales 1, clumsy 1,
deformed body, dopey 1
a: no special abilities


You were on level 4 of the Dungeon.
You visited 1 branch of the dungeon, and saw 4 of its levels.

You collected 188 gold pieces.


Innate Abilities, Weirdness & Mutations

You are too large for most types of armour.
You have tough skin. (AC +1)
You are partially covered in iridescent scales. (AC +2)
You are clumsy. (Dex -2)
Armour fits poorly on your strangely shaped body.
You are dopey. (Int -2)


   Skills:
 - Level 1.7 Dodging
 - Level 1.4 Stealth
 + Level 7.2 Spellcasting
 - Level 3.6 Summonings


You had 7 spell levels left.
You knew the following spells:

 Your Spells              Type           Power      Damage    Failure   Level
a - Summon Small Mammal   Summ           68%        N/A       2%          1
b - Call Imp              Summ           17%        N/A       4%          2
c - Call Canine Familiar  Summ           17%        N/A       9%          3
d - Summon Lightning Spi  Summ/Air       11%        N/A       50%         4
z - Wereblood             Tmut           5%         N/A       19%         2

Your spell library contained the following spells:

 Spells                   Type           Power      Damage    Failure   Level
 Beastly Appendage        Tmut           10%        N/A       12%         1
 Summon Guardian Golem    Hex/Summ       11%        N/A       17%         3
 Ozocubu's Armour         Ice            5%         N/A       36%         3
 Spider Form              Tmut/Pois      5%         N/A       36%         3
 Ozocubu's Refrigeration  Ice            2%         4d5       100%        7

Inventory:

Hand Weapons
 c - a +0 club {mace}
   (You took it off a goblin on level 1 of the Dungeon)
 d - a +0 whip {mace}
   (You found it on level 1 of the Dungeon)
 f - a +2 vampiric dagger (weapon) {short}
   (You found it on level 1 of the Dungeon)
Missiles
 k - 66 stones {throwing}
 m - 5 poisoned darts {throwing}
Armour
 a - a +0 robe (worn)
Jewellery
 q - a ring of fire
   (You found it on level 4 of the Dungeon)
Scrolls
 e - a scroll of fear {unknown}
 g - 3 scrolls of enchant weapon {unknown}
 h - 2 scrolls of identify {unknown}
 j - 2 scrolls of blinking {unknown}
 n - a scroll of teleportation {unknown}
 s - a scroll of magic mapping {unknown}
Potions
 b - a potion of magic

Dungeon Overview and Level Annotations

Branches:
Dungeon (4/15)
 Temple: D:4-7

Altars:
Makhleb

Shops:
D:4

=
............##....##+####
............# .......?..#
...........)# ....$....#
............# ........
...##.#####)# .g....
...##.# #โ€ # #.D.#
...##.# #.# #ยง..#
...##.# #.######.r.#
#####.# #.##..@Dh..# #.#
#.##.###.#.# ##'###
#.##.###...#
#....###.##.........
#....##...........###
#....##..........>.
#...............#.#.
#...##.#.###......#.#
#...##.#.# .##.###


You could see a steam dragon, a quokka (ally target) and a friendly hound
(summoned).


Message History

MASSIVE DAMAGE!! (PAUSE)
The steam dragon closely misses your quokka.
The steam dragon barely misses your quokka.
Casting: Summon Small Mammal (safe; 2% risk of failure)
Confirm with . or Enter, or press ? or * to list all spells.
You miscast Call Canine Familiar.
You are very lightly contaminated with residual magic.
Nothing appears to happen. ๐Ÿ˜ฎ HP[+1] MP[-3]
You lost 3 mp, and now have 7/16 mp.
Casting: Call Canine Familiar (dangerous; 8% risk of failure)
Confirm with . or Enter, or press ? or * to list all spells.
The jackal misses your quokka.
Your quokka closely misses the jackal.
Your bat hits the jackal. The jackal bites your quokka.
The steam dragon breathes steam at you.
The ball of steam hits the jackal!
The jackal dies!
The ball of steam hits your quokka!
Your quokka dies!
Your quokka's corpse disappears in a puff of smoke!
The ball of steam hits you!
* * * LOW HITPOINT WARNING * * *
๐Ÿ˜จ HP[-15] MP[-3]
You take 15 damage, and now have 24/53 hp.
MASSIVE DAMAGE!! (PAUSE)
You lost 3 mp, and now have 4/16 mp.
The endoplasm attacks as you move away!
The endoplasm hits you but does no damage.
Your hound bites the endoplasm.
The endoplasm dies!
A quokka comes into view.
It was a potion of haste.
You feel yourself speed up.
You feel a bit more experienced.
The quokka moves out of view.
It was a potion of might.
You feel very mighty all of a sudden.
It was a potion of flight.
You feel very buoyant.
You fly up into the air.
The steam dragon bites your bat.
The steam dragon closely misses your bat.
Your hound bites the steam dragon but does no damage.
It was a potion of mutation.
You feel extremely strange.
You feel stupid.
You feel clumsy.
Your body twists and deforms.
Iridescent scales grow over part of your body.
Your bat barely misses the steam dragon.
Your bat hits the steam dragon. ๐Ÿ˜จ MP[+1] It was a potion of resistance.
You feel protected.
Your bat hits the steam dragon.
Your hound barely misses the steam dragon.
Your bat hits the steam dragon but does no damage.
The steam dragon misses your bat. The steam dragon claws your bat.
Your bat dies!
Your bat's corpse disappears in a puff of smoke!
The quokka misses your hound.
Your hound bites the steam dragon but does no damage. ๐Ÿ˜จ HP[+1]
Casting: Call Canine Familiar (dangerous; 9% risk of failure)
Confirm with . or Enter, or press ? or * to list all spells.
You miscast Call Imp.
Nothing appears to happen. ๐Ÿ˜จ MP[-2]
You lost 2 mp, and now have 3/16 mp.
You closely miss the steam dragon.
Your hound bites the steam dragon.
The quokka barely misses your hound.
You hit the steam dragon.
You feel better.
Your hound bites the steam dragon.
The steam dragon bites you!
* * * LOW HITPOINT WARNING * * *
The steam dragon closely misses you.
The quokka completely misses your hound. ๐Ÿ˜จ HP[-7]
You take 7 damage, and now have 18/53 hp.
You hit the steam dragon but do no damage.
Your hound barely misses the steam dragon.
The quokka completely misses your hound.
The steam dragon misses you. The steam dragon claws you.
* * * LOW HITPOINT WARNING * * *
๐Ÿ˜จ HP[-1]
You take 1 damage, and now have 17/53 hp.
You barely miss the steam dragon.
Your hound bites the steam dragon but does no damage.
The quokka bites your hound.
Okay, then.
You closely miss the steam dragon.
Your hound barely misses the quokka.
The steam dragon bites you.
* * * LOW HITPOINT WARNING * * *
The steam dragon claws you.
* * * LOW HITPOINT WARNING * * *
The quokka misses your hound. ๐Ÿ˜ฑ HP[-9]
You take 9 damage, and now have 8/53 hp.
Unknown command.
Unknown command.
Okay, then.
Okay, then.
You barely miss the steam dragon.
Your hound closely misses the quokka.
The steam dragon bites you.
* * * LOW HITPOINT WARNING * * *
The steam dragon claws you.
You die...

Skill      XL: |  1  2  3  4  5  6 |
---------------+-------------------+-----
Spellcasting   | 3 4 6 7 |  7.2
Dodging        | |  1.7
Stealth        | |  1.4
Summonings     | |  3.6

Action                   |  1- 3 |  4- 6 || total
-------------------------+-------+-------++-------
Melee: Unarmed           |    28 |       ||    28
       Dagger            |    54 |    71 ||   125
       Punch             |     1 |       ||     1
 Cast: Summon Small Mamm |    24 |    36 ||    60
       Call Imp          |     5 |    19 ||    24
       Call Canine Famil |     4 |    19 ||    23
  Use: Potion            |       |     6 ||     6
 Stab: Distracted        |     1 |       ||     1
       Sleeping          |     1 |     3 ||     4
Armor: Robe              |    36 |    25 ||    61
Dodge: Dodged            |    51 |    32 ||    83

Levels and vault maps discovered:
D:1:      dpeg_arrival_simpleton_c, layout_rooms
D:2:      layout_loops_ring, shapermc_ecumenical_altar_totnotflames, uniq_robin
D:3:      layout_loops_ring, kennysheep_decorative_pillar, grunt_ministairs_8
D:4:      layout_basic, lightli_temple_of_fire, serial_shops,
          nicolae_shop_crystal

Notes
Turn   | Place    | Note
-------+----------+-------------------------------------------
     0 | D:1      | spaghetti the Ogre Summoner began the quest for the Orb.
     0 | D:1      | Reached XP level 1. HP: 16/16 MP: 3/3
     0 | D:1      | magus.rc [v1.9.6]
   320 | D:1      | Reached skill level 3 in Spellcasting
   323 | D:1      | Reached XP level 2. HP: 7/24 MP: 1/6
   535 | D:1      | You add the spells Ozocubu's Armour and Ozocubu's
                  | Refrigeration to your library.
   555 | D:1      | Learned a level 2 spell: Call Imp
   911 | D:1      | You pick up a book of Changes and begin reading...
   911 | D:1      | You add the spells Beastly Appendage, Wereblood and Spider
                  | Form to your library.
  1134 | D:1      | Learned a level 2 spell: Wereblood
  1257 | D:2      | Reached XP level 3. HP: 31/31 MP: 5/8
  1261 | D:2      | Learned a level 3 spell: Call Canine Familiar
  1284 | D:2      | Noticed Robin
  1291 | D:2      | Reached skill level 4 in Spellcasting
  1297 | D:2      | Killed Robin
  1648 | D:2      | Reached XP level 4. HP: 20/39 MP: 4/10
  1884 | D:2      | Found a faded altar of an unknown god.
  2102 | D:2      | Reached skill level 5 in Spellcasting
  2228 | D:2      | Noticed an ogre
  2269 | D:2      | Killed an ogre
  2270 | D:2      | Reached skill level 6 in Spellcasting
  2270 | D:2      | Reached XP level 5. HP: 45/45 MP: 2/13
  2602 | D:2      | Learned a level 4 spell: Summon Lightning Spire
  3209 | D:3      | HP: 10/45 [poisoned by an adder]
  3214 | D:3      | HP: 4/45 [poisoned by an adder]
  3916 | D:4      | Found Cuehye's Jewellery Shop.
  3926 | D:4      | Reached XP level 6. HP: 42/53 MP: 6/15
  4099 | D:4      | Found a burning altar of Makhleb.
  4310 | D:4      | Reached skill level 7 in Spellcasting
  4458 | D:4      | Noticed a steam dragon
  4469 | D:4      | Gained mutation: You are dopey. (Int -2) [potion of
                  | mutation]
  4469 | D:4      | Gained mutation: You are clumsy. (Dex -2) [potion of
                  | mutation]
  4469 | D:4      | Gained mutation: Armour fits poorly on your strangely
                  | shaped body. [potion of mutation]
  4469 | D:4      | Gained mutation: You are partially covered in iridescent
                  | scales. (AC +2) [potion of mutation]
  4476 | D:4      | HP: 13/53 [steam dragon (4)]
  4477 | D:4      | HP: 2/53 [steam dragon (6)]
  4477 | D:4      | Slain by a steam dragon

Vanquished Creatures
  A hound (D:3)
  2 adders (D:4)
  A worm (D:2)
  3 dart slugs
  6 ball pythons
  3 endoplasms (D:1)
  A giant cockroach (D:3)
  A goblin (D:3)
  4 hobgoblins
  A jackal (D:4)
  A quokka (D:1)
  3 bats
  A kobold (D:2)
  A rat (D:3)
29 creatures vanquished.

Vanquished Creatures (collateral kills)
  An ogre (D:2)
  A jelly (D:4)
  A nameless horror (D:3)
  Robin (D:2)
  3 adders
  An ufetubus (D:4)
  2 worms
  2 dart slugs
  3 orcs (D:4)
  A bat (D:1)
  2 endoplasms (D:4)
  A giant cockroach (D:2)
  9 goblins
  3 hobgoblins
  A jackal (D:4)
  4 ball pythons
  A kobold (D:3)
  A rat (D:1)
38 creatures vanquished.

Vanquished Creatures (others)
  An endoplasm (D:4)
  A goblin (D:4)
  A jackal (D:4)
3 creatures vanquished.

Grand Total: 70 creatures vanquished

Table legend:
 A = Non-vault XP
 B = Vault XP
 C = Vault XP percentage of total XP
 D = Non-vault monster count
 E = Vault monster count
 F = Vault count percentage of total count
                 A         B        C        D         E       F
            +---------+---------+-------+---------+---------+-------
      Total |     368 |      46 |  11.1 |      55 |      12 |  17.9
            +---------+---------+-------+---------+---------+-------
        D:1 |      32 |       0 |   0.0 |      16 |       0 |   0.0
        D:2 |     167 |      32 |  16.1 |      12 |      10 |  45.5
        D:3 |      64 |      14 |  17.9 |      11 |       2 |  15.4
        D:4 |     105 |       0 |   0.0 |      16 |       0 |   0.0
            +---------+---------+-------+---------+---------+-------

Illustrated notes

Table legend:
 A = Kills in this place as a percentage of kills in entire the game.
 B = Kills by you in this place as a percentage of kills by you in the entire game.
 C = Kills by friends in this place as a percentage of kills by friends in the entire game.
 D = Other kills in this place as a percentage of other kills in the entire game.
 E = Experience gained in this place as a percentage of experience gained in the entire game.
 F = Experience gained in this place divided by the number of levels of this place that you have seen.
                   A       B       C       D       E      F
               +-------+-------+-------+-------+-------+----------------------
         Total | 100.0 | 100.0 | 100.0 | 100.0 | 100.0 | 103.5
       Dungeon | 100.0 | 100.0 | 100.0 | 100.0 | 100.0 | 103.5
               +-------+-------+-------+-------+-------+----------------------

Table legend: (Time is in decaauts)
 A = Elapsed time spent in this place.
 B = Non-inter-level travel time spent in this place.
 C = Inter-level travel time spent in this place.
 D = Time resting spent in this place.
 E = Time spent auto-exploring this place.
 F = Levels seen in this place.
 G = Mean time per level.
                   A        B        C        D        E       F      G
               +--------+--------+--------+--------+--------+-----+--------+
         Total |   4472 |   4376 |     96 |    323 |   3487 |   4 | 1118.0 |
       Dungeon |   4472 |   4376 |     96 |    323 |   3487 |   4 | 1118.0 |
               +--------+--------+--------+--------+--------+-----+--------+

Top non-repeatable levels by time:
     D:2: 1400 daAuts
     D:3: 1272 daAuts
     D:1: 1241 daAuts
     D:4: 557 daAuts
